 Dungeon Crawl Stone Soup version 0.31-a0-182-gc5ef74bbde (webtiles) character file.

Game seed: 13758810638409328430

350 qw the Chopper (level 6, -1/38 HPs)
             Began as a Gargoyle Fighter on June 20, 2023.
             Slain by a yak (13 damage)
             ... on level 4 of the Dungeon.
             The game lasted 00:01:35 (3559 turns).

qw the Chopper (Gargoyle Fighter)                   Turns: 3559, Time: 00:01:36

Health: -1/38      AC: 17    Str: 21    XL:     6   Next: 60%
Magic:  6/6        EV: 13    Int:  9    God:
Gold:   266        SH:  4    Dex:  9    Spells: 5/5 levels left

rFire   . . .        Y - +0 war axe
rCold   . . .        c - +0 buckler
rNeg    + . .        o - +0 chain mail
rPois   inf          j - +0 helmet
rElec   +            f - +0 cloak
rCorr   .            (no gloves)
SInv    .            g - +0 pair of boots
Will    .....        (no amulet) Stlth
                     h - +5 ring of evasion
HPRegen 0.26/turn    (no ring)
MPRegen 0.10/turn

%: no passive effects
@: no status effects
A: sickness immunity, AC +4, negative energy resistance 1, electricity
resistance, torment resistance 1, petrification resistance
a: no special abilities


You were on level 4 of the Dungeon.
You visited 1 branch of the dungeon, and saw 4 of its levels.

You collected 266 gold pieces.


Innate Abilities, Weirdness & Mutations

You are immune to sickness and miasma.
Your stone body is resilient. (AC +4)
You are immune to poison.
You resist negative energy. (rN+)
You are resistant to electric shocks. (rElec)
You are resistant to unholy torment.
You are immune to petrification.


   Skills:
 - Level 4.2 Fighting
 + Level 5.5 Axes
 - Level 0.3 Throwing
 - Level 3.2 Armour
 - Level 1.0 Dodging
 - Level 3.2 Shields


You had 5 spell levels left.
You didn't know any spells.
Your spell library was empty.

Inventory:

Hand Weapons
 a - a +0 flail
 Y - a +0 war axe (weapon)
Armour
 c - a +0 buckler (worn)
 f - a +0 cloak (worn)
 g - a +0 pair of boots (worn)
 j - a +0 helmet (worn)
 o - a +0 chain mail (worn)
Jewellery
 b - an amulet of faith
 h - a +5 ring of evasion (left hand)
Scrolls
 k - a scroll of teleportation
 n - a scroll of identify
Potions
 d - a potion of might
 e - 2 potions of cancellation
 i - 2 potions of lignification
 l - a potion of degeneration {unknown}
 q - a potion of enlightenment {unknown}

Dungeon Overview and Level Annotations

Branches:
Dungeon (4/15)
 Temple: D:4-7

Altars:
Wu Jian

Shops:
D:2 =

Annotations:
D:2 1 runed translucent door, Crazy Yiuf


Message History

Enter note: You throw a javelin.
The javelin pierces through the yak.
The yak is lightly wounded.
You closely miss the yak.
The yak is lightly wounded.
A yak comes into view.
You block the yak's attack.
You barely miss the yak.
The yak is lightly wounded.
The yak bellows!
A quokka comes into view.
The yak gores you.
You hit the yak.
The yak is lightly wounded.
The yak gores you but does no damage.
You hit the yak.
The yak is moderately wounded.
The yak gores you.
You hit the yak.
The yak is moderately wounded.
The yak gores you. The yak gores you but does no damage.
You barely miss the yak.
The yak is moderately wounded.
The yak misses you.
You slash the yak!
The yak is severely wounded.
The yak barely misses you.
You slash the yak!
The yak is severely wounded.
The yak closely misses you.
A ball python comes into view.
The yak gores you!
The ball python hisses angrily.
You hit the yak.
The yak is almost dead.
The yak gores you.
You closely miss the yak.
The yak is almost dead.
The yak gores you!
You die...

###########...##.##.#
...........##.#####
..........<.......#
#...#..........###.#
#...#.#...#.##.# #.#
#.# #.....#.##.# #.#
#. #.......##.# #.#
.....#.####.###.###
.....#YY@..##8...8##
#.. #Y#####.......#
.. #8..._...8# ..S
##.......## #(.
##8...8## #. ###8###
. ###


You could see 3 yaks and a ball python.

Vanquished Creatures
  A black bear (D:2)
  A scorpion (D:3)
  A jelly (D:3)
  2 orc priests (D:3)
  Robin (D:2)
  An adder (D:2)
  2 worms (D:2)
  2 dart slugs
  3 orcs (D:3)
  10 ball pythons
  An endoplasm (D:3)
  6 giant cockroaches (D:1)
  20 goblins
  5 hobgoblins
  3 jackals (D:2)
  6 kobolds
  5 quokkas
  8 bats
  2 frilled lizards (D:1)
  A rat (D:3)
81 creatures vanquished.

Notes
Turn   | Place    | Note
-------+----------+-------------------------------------------
     0 | D:1      | qw the Gargoyle Fighter began the quest for the Orb.
     0 | D:1      | Reached XP level 1. HP: 14/14 MP: 1/1
     0 | D:1      | 0 ||| qw: Version: 0.3-a-9-g12657ce
     0 | D:1      | 0 ||| qw: Game counter: 1237
     0 | D:1      | 0 ||| qw: Always use a shield: true
     0 | D:1      | 0 ||| qw: God list: Okawaru
     0 | D:1      | 0 ||| qw: Allow faded altars: false
     0 | D:1      | 0 ||| qw: Do Orc after D:15 true
     0 | D:1      | 0 ||| qw: Do second Lair branch before Depths: true
     0 | D:1      | 0 ||| qw: Lair rune preference: random
     0 | D:1      | 0 ||| qw: Plans: Normal, Zot:1-4, Slime:5, God:TSO, Crypt,
                  | Tomb, Abyss, Pan, Hells, Win
     0 | D:1      | 0 ||| PLANNING D:1-11
    60 | D:1      | Reached skill level 2 in Axes
    62 | D:1      | 62 ||| READING scroll labelled CYZY GOAL WIUT.
    72 | D:1      | Reached XP level 2. HP: 15/19 MP: 2/2
   338 | D:1      | Reached skill level 3 in Axes
   355 | D:1      | 355 ||| Stepping ~*~*~tactically~*~*~ (stealth).
   359 | D:1      | Reached XP level 3. HP: 23/23 MP: 3/3
   368 | D:1      | 368 ||| Stepping ~*~*~tactically~*~*~ (stealth).
   401 | D:1      | Found a faded altar of an unknown god.
   510 | D:1      | 510 ||| Stepping ~*~*~tactically~*~*~ (stealth).
   875 | D:1      | 875 ||| UPGRADING to +0 cloak.
   880 | D:1      | 880 ||| UPGRADING to +0 pair of boots.
   885 | D:1      | 885 ||| READING scroll labelled TABIDW FIDAI.
   886 | D:1      | 886 ||| READING scroll labelled SEGISI OSICYU.
   887 | D:1      | 887 ||| READING scroll labelled CUPSUI INKUTUST.
  1051 | D:2      | Noticed Robin
  1077 | D:2      | Reached XP level 4. HP: 25/28 MP: 4/4
  1084 | D:2      | Killed Robin
  1085 | D:2      | Reached skill level 4 in Axes
  1389 | D:2      | Found a runed translucent door.
  1390 | D:2      | Noticed Crazy Yiuf
  1438 | D:2      | 1438 ||| Stepping ~*~*~tactically~*~*~ (stealth).
  1452 | D:2      | Found Goene's Jewellery Boutique.
  1456 | D:2      | 1456 ||| SHOPLISTING +6 ring of dexterity (360 gold, have
                  | 113).
  1456 | D:2      | 1456 ||| SHOPLISTING amulet of regeneration (300 gold, have
                  | 113).
  1456 | D:2      | 1456 ||| SHOPLISTING amulet of the acrobat (300 gold, have
                  | 113).
  1456 | D:2      | 1456 ||| SHOPLISTING ring of protection from cold (250
                  | gold, have 113).
  1654 | D:2      | 1654 ||| DROPPING +0 club.
  1724 | D:2      | Found the +4 robe of Augmentation {Str+4 Int+4 Dex+4}
  1898 | D:2      | 1898 ||| UPGRADING to +0 helmet.
  1903 | D:2      | 1903 ||| UPGRADING to +5 ring of evasion.
  1904 | D:2      | 1904 ||| READING scroll labelled SESOOHOEHU.
  1905 | D:2      | 1905 ||| DRINKING 3 clear potions.
  1940 | D:2      | 1940 ||| Stepping ~*~*~tactically~*~*~ (hiding).
  2134 | D:3      | Noticed a black bear
  2141 | D:3      | 2141 ||| STAIRDANCE
  2148 | D:2      | Killed a black bear
  2149 | D:2      | Reached skill level 5 in Axes
  2149 | D:2      | Reached XP level 5. HP: 16/32 MP: 5/5
  2499 | D:3      | 2499 ||| Stepping ~*~*~tactically~*~*~ (stealth).
  2586 | D:3      | Reached XP level 6. HP: 37/38 MP: 6/6
  2719 | D:3      | 2719 ||| Stepping ~*~*~tactically~*~*~ (hiding).
  2739 | D:3      | 2739 ||| Stepping ~*~*~tactically~*~*~ (hiding).
  2740 | D:3      | 2740 ||| Stepping ~*~*~tactically~*~*~ (hiding).
  2741 | D:3      | 2741 ||| Stepping ~*~*~tactically~*~*~ (hiding).
  2742 | D:3      | 2742 ||| Stepping ~*~*~tactically~*~*~ (hiding).
  2752 | D:3      | Reached skill level 1 in Dodging
  2956 | D:3      | 2956 ||| DROPPING +0 whip.
  3312 | D:3      | 3312 ||| UPGRADING to +0 chain mail.
  3322 | D:3      | 3322 ||| DROPPING +0 scale mail.
  3323 | D:3      | 3323 ||| READING scroll labelled IKOMAA KUTT.
  3324 | D:3      | 3324 ||| READING scroll labelled NONUMOSUIM.
  3327 | D:3      | 3327 ||| DRINKING 3 smoky sapphire potions.
  3336 | D:3      | 3336 ||| READING 2 scrolls of identify.
  3336 | D:3      | 3336 ||| IDENTIFYING inky potion
  3337 | D:3      | 3337 ||| DROPPING 2 potions of ambrosia.
  3373 | D:4      | 3373 ||| Stepping ~*~*~tactically~*~*~ (hiding).
  3376 | D:4      | 3376 ||| Stepping ~*~*~tactically~*~*~ (hiding).
  3525 | D:4      | Found an ornate altar of the Wu Jian Council.
  3548 | D:4      | Noticed a yak
  3548 | D:4      | Noticed a yak
  3550 | D:4      | Noticed a yak
  3559 | D:4      | Slain by a yak

Levels and vault maps discovered:
D:1:      minmay_arrival_loop, layout_loops_cross,
          shapermc_ecumenical_altar_totnotflames, minmay_surrounded
D:2:      layout_loops_ring, serial_shops, nicolae_shop_gaudy_bauble,
          minivault_5, minmay_door_square, uniq_robin, uniq_crazy_yiuf_cottage
D:3:      layout_basic
D:4:      layout_basic, nzn_wu_jian_council_hall, uniq_menkaure, uniq_natasha

Skill      XL: |  1  2  3  4  5  6 |
---------------+-------------------+-----
Axes           | 2 3 5 |  5.5
Fighting       | 4 |  4.2
Dodging        | 1 |  1.0
Throwing       | |  0.3
Armour         | |  3.2
Shields        | |  3.2

Action                     |  1- 3 |  4- 6 || total
---------------------------+-------+-------++-------
  Melee: War axe           |   122 |   127 ||   249
  Throw: Javelin           |       |    11 ||    11
    Use: Scroll            |     4 |     4 ||     8
         Potion            |       |     2 ||     2
 Armour: Scale mail        |    67 |    57 ||   124
         Chain mail        |       |     3 ||     3
  Dodge: Dodged            |    62 |    61 ||   123
  Block: Buckler           |    21 |    25 ||    46

Table legend:
 A = Non-vault XP
 B = Vault XP
 C = Vault XP percentage of total XP
 D = Non-vault monster count
 E = Vault monster count
 F = Vault count percentage of total count
                 A         B        C        D         E       F
            +---------+---------+-------+---------+---------+-------
      Total |     459 |      41 |   8.2 |      65 |      16 |  19.8
            +---------+---------+-------+---------+---------+-------
        D:1 |      42 |       8 |  16.0 |      25 |       5 |  16.7
        D:2 |     174 |      33 |  15.9 |      20 |      11 |  35.5
        D:3 |     239 |       0 |   0.0 |      19 |       0 |   0.0
        D:4 |       4 |       0 |   0.0 |       1 |       0 |   0.0
            +---------+---------+-------+---------+---------+-------
